 Dungeon Crawl Stone Soup version 0.18-a0-1293-g5a2c81a (webtiles) character file.

1071 ololoev the Conjurer (level 8, -6/41 HPs)
             Began as a Deep Elf Fire Elementalist on Feb 10, 2016.
             Mangled by Menkaure (15 damage)
             ... on level 6 of the Dungeon.
             The game lasted 00:16:40 (2541 turns).

ololoev the Conjurer (Deep Elf Fire Elementalist)   Turns: 2541, Time: 00:16:40

Health: -6/41      AC:  4    Str:  5    XL:     8   Next: 7%
Magic:  3/20       EV: 12    Int: 26    God:
Gold:   315        SH:  0    Dex: 15    Spells: 5 memorised, 4 levels left

rFire  . . .     SeeInvis .     a - +2 short sword (elec)
rCold  . . .     Gourm    .     l - +0 robe
rNeg   . . .     Faith    .     (no shield)
rPois  .         Spirit   .     v - +0 helmet {Int+3}
rElec  .         Dismiss  .     (no cloak)
rCorr  .         Reflect  .     (no gloves)
SustAt .         Harm     .     j - +0 pair of boots
MR     .....                    (no amulet)
Stlth  ++........               (no ring)
                                (no ring)

@: flying, drained, not resistant to hostile enchantments, unstealthy
A: no striking features
a: no special abilities

Inventory:

Hand Weapons
 a - a +2 short sword of electrocution (weapon)
 b - a +0 dagger of venom
Missiles
 A - a throwing net (quivered)
Armour
 h - a +0 buckler
 j - a +0 pair of boots (worn)
 l - a +0 robe (worn)
 v - a +0 helmet of intelligence (worn)
Wands
 m - a wand of disintegration (8/24)
 s - a wand of random effects (10/48)
Scrolls
 d - 3 scrolls of teleportation {unknown}
 e - 3 scrolls of enchant armour {unknown}
 f - 4 scrolls of blinking {unknown}
 g - 5 scrolls of identify {unknown}
 n - a scroll of amnesia {unknown}
 p - 2 scrolls of recharging {unknown}
 q - 2 scrolls of fog {unknown}
 w - a scroll of enchant weapon {unknown}
 x - a scroll of noise {unknown}
 y - 2 scrolls of magic mapping {unknown}
Books
 o - a book of Flames

   Spells                             Type                      Level
   a - Flame Tongue                   Conjuration/Fire             1
   b - Throw Flame                    Conjuration/Fire             2
   c - Conjure Flame                  Conjuration/Fire             3
   d - Inner Flame                    Hexes/Fire                   3
   e - Sticky Flame                   Conjuration/Fire             4
   f - Fireball                       Conjuration/Fire             5
Comestibles
 c - 5 bread rations
 t - 3 fruits
 u - a meat ration
 z - 6 chunks of flesh


   Skills:
 - Level 2.4(1.3) Dodging
 - Level 2.4(1.3) Stealth
 + Level 6.8(5.6) Spellcasting
 * Level 7.2(6.0) Conjurations
 + Level 6.2(5.0) Fire Magic


You had 4 spell levels left.
You knew the following spells:

 Your Spells              Type           Power        Failure   Level  Hunger
a - Flame Tongue          Conj/Fire      #####        1%          1    None
b - Conjure Flame         Conj/Fire      #####...     2%          3    #......
c - Sticky Flame          Conj/Fire      #####...     10%         4    ###....
d - Fireball              Conj/Fire      #####.....   24%         5    #####..
e - Inner Flame           Hex/Fire       ###.....     10%         3    #......


You were on level 6 of the Dungeon.
You were not hungry.

You visited 1 branch of the dungeon, and saw 7 of its levels.

You collected 315 gold pieces.

########.# #....##
#.######... .##
#..##.....# ##### ...
##.§)...### ....# #.##
###.##.... ....##
#...### #.#####. .....#
#....# ..# #.
.....#########..####
.### #.
........".......@M.# #.
##
#...###########........#
# ###..## #..#..##.. #
##..# ##.##..# #
##.##### #.# #.# #.
#.<...### #.# .# ...
#####...## #.# # ###.
##...# #.# #. #...# #.

Notes
Turn   | Place    | Note
--------------------------------------------------------------
     0 | D:1      | ololoev the Deep Elf Fire Elementalist began the quest for the Orb.
     0 | D:1      | Reached XP level 1. HP: 10/10 MP: 6/6
   101 | D:1      | Reached XP level 2. HP: 13/15 MP: 4/8
   379 | D:2      | Reached XP level 3. HP: 15/19 MP: 8/10
   381 | D:2      | Noticed Robin
   384 | D:2      | Learned a level 3 spell: Conjure Flame
   399 | D:2      | Killed Robin
   589 | D:2      | Found an iron altar of Okawaru.
   610 | D:2      | Reached skill level 4 in Fire Magic
   694 | D:2      | Reached XP level 4. HP: 24/24 MP: 1/12
   793 | D:2      | Found a glowing golden altar of the Shining One.
   831 | D:2      | Learned a level 4 spell: Sticky Flame
   835 | D:2      | Learned a level 3 spell: Inner Flame
   854 | D:3      | Noticed ololoev's ghost (weakling DEFE)
   878 | D:3      | Killed ololoev's ghost
   916 | D:3      | Reached XP level 5. HP: 28/28 MP: 2/13
  1084 | D:3      | Noticed Jessica
  1138 | D:3      | Killed Jessica
  1458 | D:4      | You fall through a shaft for 2 floors!
  1469 | D:6      | Noticed an ogre
  1472 | D:6      | Noticed a naga
  1472 | D:6      | an ogre changed into a naga
  1480 | D:6      | Killed a naga
  1480 | D:6      | Reached skill level 5 in Spellcasting
  1480 | D:6      | Reached skill level 5 in Fire Magic
  1480 | D:6      | Reached XP level 6. HP: 29/32 MP: 12/15
  1482 | D:6      | Reached skill level 5 in Conjurations
  1555 | D:6      | Reached XP level 7. HP: 36/36 MP: 0/17
  1566 | D:6      | Learned a level 5 spell: Fireball
  1661 | D:5      | Entered Level 5 of the Dungeon
  1699 | D:5      | Reached skill level 6 in Spellcasting
  1722 | D:5      | Found a stormy altar of Qazlal.
  2061 | D:6      | Noticed Menkaure
  2255 | D:4      | Reached skill level 7 in Conjurations
  2255 | D:4      | Reached XP level 8. HP: 27/41 MP: 7/20
  2343 | D:4      | Goblin1989: Привет. Магам файтинг качать нет смысла в самом начале?
  2345 | D:4      | ololoev: привет
  2345 | D:4      | ololoev: обычно нет, хп и так мало
  2347 | D:4      | Found a shimmering altar of Xom.
  2498 | D:6      | Found an ancient bone altar of Kikubaaqudgha.
  2541 | D:6      | Mangled by Menkaure

Dungeon Overview and Level Annotations

Branches:
Dungeon (7/15)
 Temple: D:4-7

Altars:
Kikubaaqudgha
Okawaru
Qazlal
Xom
The Shining One

Annotations:
D:6 Menkaure


Message History

B - an amulet of guardian spirit (around neck)
You remove your amulet of guardian spirit.
You drop an uncursed amulet of guardian spirit.
Drop what? 27/52 slots (_ for help) (? for menu, Esc to quit)
You drop an uncursed amulet of harm.
Menkaure shouts!
Menkaure casts a spell.
Menkaure seems to speed up.
Casting: Sticky Flame
Confirm with . or Enter, or press ? or * to list all spells.
You don't have enough magic to cast that spell.
Drink which item? (? for menu, Esc to quit)
It was a potion of flight.
You feel very buoyant.
You fly up into the air.
Menkaure calls on the powers of darkness!
Your body is wracked with pain!
Drink which item? (? for menu, Esc to quit)
You feel better.
Drink which item? (? for menu, Esc to quit)
You feel better. Menkaure casts a spell at you. Pain shoots through your body!
Menkaure casts a spell at you.
You struggle to resist.
Drink which item? (? for menu, Esc to quit)
You feel better.
You hit Menkaure but do no damage.
Menkaure calls on the powers of darkness!
Your body is wracked with pain!
You hit Menkaure.
Menkaure is lightly damaged.
Menkaure hits you! Menkaure misses you.
You hit Menkaure but do no damage.
Menkaure is lightly damaged.
Menkaure misses you.
You hit Menkaure but do no damage.
Menkaure is lightly damaged.
Menkaure hits you!
You die...

You could see Menkaure.

Vanquished Creatures
  A naga (D:6)
  A phantom (D:4)
  An ogre (D:6)
  2 centaurs (D:5)
  A giant frog (D:6)
  A scorpion (D:5)
  2 hounds
  A gnoll shaman (D:5)
  A jelly (D:6)
  2 orc wizards (D:3)
  Jessica (D:3)
  An iguana (D:5)
  2 worker ants (D:5)
  The ghost of ololoev the Firebug, a weakling DEFE (D:3)
  Robin (D:2)
  11 gnolls
  4 adders
  An ooze (D:2)
  An adder zombie (D:6)
  2 adder skeletons
  A worm (D:4)
  6 giant geckos
  8 orcs
  8 bats
  3 giant cockroaches
  9 goblins
  8 hobgoblins
  5 kobolds
  A giant newt (D:2)
  12 rats
99 creatures vanquished.

Vanquished Creatures (others)
  A human (D:6)
1 creature vanquished.

Grand Total: 100 creatures vanquished

Action                   |  1- 3 |  4- 6 |  7- 9 || total
-------------------------+-------+-------+-------++-------
Melee: Short sword       |    30 |    26 |    14 ||    70
       Unarmed           |     6 |       |       ||     6
       Dagger            |       |     5 |       ||     5
Throw: Throwing net      |       |       |     1 ||     1
 Cast: Flame Tongue      |    51 |    41 |    32 ||   124
       Conjure Flame     |     1 |     5 |     4 ||    10
       Sticky Flame      |       |     1 |     6 ||     7
       Inner Flame       |       |     1 |     2 ||     3
Evoke: Wand              |       |     8 |     4 ||    12
  Use: Potion            |       |     1 |     4 ||     5
 Stab: Sleeping          |     3 |     2 |       ||     5
  Eat: Chunk             |       |     2 |     4 ||     6

Vault maps used:
D:1:      shiori_arrival_maze, st_stairs_10, columned_hall_lemuel
D:2:      nicolae_overflow_hidden_temple, tso_oasis_becter, minmay_liquid_box,
          st_stairs_5, grunt_dithmenos_smoke_and_mirrors, uniq_robin
D:3:      uniq_crazy_yiuf_cottage, uniq_jessica
D:4:      tgw_xom, temple_doors_a, first_bread, kennysheep_dice
D:5:      grunt_qazlal_sundering
D:6:      serial_shops, nicolae_shop_crystal, st_stairs_11,
          roderic_serpentine_path, tgw_kikubaaqudgha, uniq_menkaure, uniq_edmund
D:7:      grunt_temple_overflow_growth_and_decay,
          nicolae_ru_great_annihilating_truth
